 Dungeon Crawl Stone Soup version 0.25-a0-786-g5b70d41e48 (webtiles) character file.

Game seed: 6318729529413527580, levelgen mode: deterministic

84 Fukker the Cutter (level 4, 0/30 HPs)
             Began as a Halfling Fighter on Apr 18, 2020.
             Slain by a worm (9 damage)
             ... on level 2 of the Dungeon.
             The game lasted 00:01:37 (1423 turns).

Fukker the Cutter (Halfling Fighter)                Turns: 1423, Time: 00:01:37

Health: 0/30       AC:  6    Str: 18    XL:     4   Next: 72%
Magic:  4/4        EV:  9    Int:  6    God:
Gold:   54         SH: 10    Dex: 13    Spells: 3/3 levels left

rFire    . . .     SeeInvis .   a - +0 rapier
rCold    . . .     Gourm    .   c - +0 kite shield
rNeg     . . .     Faith    .   b - +0 scale mail
rPois    .         Spirit   .   (no helmet)
rElec    .         Reflect  .   (no cloak)
rCorr    .         Harm     +   (no gloves)
MR       .....                  (no boots)
Stlth    ..........             r - amulet of harm
HPRegen  0.10/turn              j - ring of wizardry
MPRegen  0.09/turn              (no ring)

@: no status effects
A: small, mutation resistance 1
a: no special abilities


You were on level 2 of the Dungeon.
You were hungry.

You visited 1 branch of the dungeon, and saw 2 of its levels.

You collected 54 gold pieces.

Inventory:

Hand Weapons
 a - a +0 rapier (weapon)
Missiles
 g - 44 bolts
 i - 54 arrows
Armour
 b - a +0 scale mail (worn)
 c - a +0 kite shield (worn)
Jewellery
 e - an uncursed ring of protection from magic {unknown}
 j - a ring of wizardry (left hand)
 r - an amulet of harm (around neck)
Scrolls
 k - a scroll of amnesia {unknown}
 l - a scroll of random uselessness {unknown}
 m - 2 scrolls of identify {unknown}
 o - a scroll of enchant weapon {unknown}
 p - a scroll of fear {unknown}
 q - a scroll of immolation {unknown}
Potions
 d - a potion of might
 h - 2 potions of brilliance {unknown}
 n - a potion of berserk rage {unknown}
 s - a potion of lignification {unknown}
Comestibles
 f - 6 rations


   Skills:
 - Level 2.6 Fighting
 * Level 4.6 Short Blades
 - Level 3.2 Armour
 + Level 0.7 Dodging
 + Level 4.1 Shields


You had 3 spell levels left.
You didn't know any spells.
Your spell library was empty.

Dungeon Overview and Level Annotations

Branches:
Dungeon (2/15)

Altars:


Innate Abilities, Weirdness & Mutations

You are small and have problems with some larger weapons.
You are somewhat resistant to further mutation.


Message History

You are too injured to fight recklessly!
You are too injured to fight recklessly!
You are too injured to fight recklessly!
You are too injured to fight recklessly!
You are too injured to fight recklessly!
You hit the goblin.
You kill the goblin!
The worm bites you.
Things that are here:
a +0 dagger; a goblin corpse You hit the worm but do no damage.
The worm is heavily wounded.
You hit the worm.
The worm is severely wounded.
The worm bites you.
* * * LOW HITPOINT WARNING * * *
You hit the worm.
The worm is almost dead.
The worm bites you!
You die...

...#...# .###.#.#
.#.....################
....#..#...# ..#......#
####.......#.#.#.....##.
.>........##.#..........
####.#.#.....#.....$#...
##...#.......#..........
.....#.......#..@w..####
####........##...[.....#
#.#.#..<###>...###.##
#...#.....#....#
#######.#.#.###..... #
#.......# .##.# ##
#.##....# .. .#
#.......# ### .#
###.#####


You could see a worm.

Vanquished Creatures
  Jessica (D:2)
  An ooze (D:1)
  A dart slug (D:2)
  2 leopard geckos
  3 bats (D:1)
  2 giant cockroaches (D:1)
  5 goblins
  5 hobgoblins
  4 jackals (D:1)
  8 kobolds
  A quokka (D:2)
  10 frilled lizards
  4 rats
47 creatures vanquished.

Notes
Turn   | Place    | Note
-------+----------+-------------------------------------------
     0 | D:1      | Fukker the Halfling Fighter began the quest for the Orb.
     0 | D:1      | Reached XP level 1. HP: 15/15 MP: 1/1
    51 | D:1      | Reached XP level 2. HP: 20/20 MP: 2/2
   146 | D:1      | Reached XP level 3. HP: 11/25 MP: 3/3
   918 | D:2      | Noticed Jessica
   934 | D:2      | Killed Jessica
   934 | D:2      | Reached XP level 4. HP: 27/30 MP: 4/4
  1423 | D:2      | Slain by a worm

Levels and vault maps discovered:
D:1:      minmay_arrival_stair_chambers, layout_basic, minmay_lizard_king
D:2:      layout_basic, first_ration, hex_large, uniq_crazy_yiuf_cottage,
          uniq_jessica

Skill      XL: |  1  2  3 |
---------------+----------+-----
Short Blades   | 3 4 |  4.6
Shields        | 4 |  4.1
Fighting       | |  2.6
Armour         | |  3.2
Dodging        | |  0.7

Action                   |  1- 3 |  4- 6 || total
-------------------------+-------+-------++-------
Melee: Rapier            |   123 |    56 ||   179
  Eat: Chunk             |       |     1 ||     1
Armor: Scale mail        |    58 |    12 ||    70
Dodge: Dodged            |    48 |    21 ||    69
Block: Kite shield       |    87 |    32 ||   119

Table legend:
 A = Non-vault XP
 B = Vault XP
 C = Vault XP percentage of total XP
 D = Non-vault monster count
 E = Vault monster count
 F = Vault count percentage of total count
                 A         B        C        D         E       F
            +---------+---------+-------+---------+---------+-------
      Total |      72 |      48 |  40.0 |      37 |      10 |  21.3
            +---------+---------+-------+---------+---------+-------
        D:1 |      46 |      11 |  19.3 |      24 |       9 |  27.3
        D:2 |      26 |      37 |  58.7 |      13 |       1 |   7.1
            +---------+---------+-------+---------+---------+-------
